 Dungeon Crawl Stone Soup version 0.27-a0-323-gbd089401bb (webtiles) character file.

Game seed: 11851893500630856456

0 tabyourdongers the Sneak (level 1, -2/22 HPs)
             Began as a Troll Delver on Feb 10, 2021.
             Slain by an ice beast (9 damage)
             ... on level 6 of the Dungeon.
             The game lasted 00:00:06 (28 turns).

tabyourdongers the Sneak (Troll Delver)               Turns: 28, Time: 00:00:07

Health: -2/22      AC:  6    Str: 19    XL:     1   Next: 8%
Magic:  0/0        EV: 10    Int:  6    God:
Gold:   0          SH:  0    Dex: 11    Spells: 0/0 levels left

rFire    . . .     SeeInvis .     - Unarmed
rCold    . . .     Faith    .   (no shield)
rNeg     . . .     Spirit   .   a - +0 robe
rPois    .         Reflect  .   (helmet restricted)
rElec    .         Harm     .   (no cloak)
rCorr    .         Rampage  .   (gloves unavailable)
Will     .....                  (boots unavailable)
Stlth    ++........             (no amulet)
HPRegen  0.47/turn              (no ring)
MPRegen  0.07/turn              (no ring)

@: no status effects
A: large, unfitting armour, claws 3, regeneration 1, shaggy fur 1, tough skin 3
a: no special abilities


You were on level 6 of the Dungeon.
You visited 1 branch of the dungeon, and saw 2 of its levels.

Inventory:

Armour
 a - a +0 robe (worn)
Wands
 f - a wand of digging (3)
Scrolls
 b - a scroll of fog
 c - a scroll of magic mapping
 d - a scroll of fear
Potions
 e - a potion of haste


   Skills:
 + Level 2.4 Fighting
 + Level 1.5 Dodging
 + Level 2.7 Stealth
 + Level 2.0 Unarmed Combat


You couldn't memorise any spells.
You didn't know any spells.
Your spell library was empty.

Dungeon Overview and Level Annotations

Branches:
Dungeon (6/15)
 Temple: D:4-7

Altars:

Shops:
D:5 ?


Innate Abilities, Weirdness & Mutations

You are too large for most types of armour.
You have claws for hands.
Your natural rate of healing is unusually fast.
You are covered in fur. (AC +1)
You have extremely tough skin. (AC +3)


Message History

Welcome, tabyourdongers the Troll Delver.
The bosom of this dungeon contains the transcendent artefact, the Orb of Zot.
Press ? for a list of commands and other information.
Found a scroll of fog and an inky potion.
Found Pucypsum's Magic Scroll Emporium.
Found a stone staircase leading down.
You climb downwards.
A leopard gecko and an orc wizard come into view.
The orc wizard is wielding a +1 dagger of venom.
There is a stone staircase leading up here.
An orc warrior comes into view. It is wielding a +0 long sword.
The orc warrior shouts!
A leopard gecko skeleton comes into view.
The leopard gecko skeleton bites you.
You closely miss the leopard gecko skeleton.
The leopard gecko skeleton barely misses you.
You claw the leopard gecko skeleton!
You destroy the leopard gecko skeleton!
A quokka comes into view.
Found a helmet.
An ice beast comes into view.
Found 3 gold pieces.
The ice beast hits you but does no damage.
You claw the ice beast!
The ice beast is heavily wounded.
The ice beast hits you but does no damage.
You barely miss the ice beast.
The ice beast is heavily wounded.
You scratch the ice beast but do no damage.
The ice beast is heavily wounded.
The quokka bites you but does no damage.
The ice beast hits you. The ice beast freezes you!
You scratch the ice beast.
The ice beast is heavily wounded.
The quokka misses you. The ice beast hits you. The ice beast freezes you!
You die...

#..####+### ##..##.....#
##### ....##.....# #...#
###.##.....# #...#
....##.....# #...# ##..#
..... #...# #..####.##
#...# ##
#........####...##...#.
...#####.....o.r@Y...$.^
### ##.####...##...#.
.[.# #...# .# #####
#...# #...# #####


You could see an orc warrior, an ice beast and a quokka.

Vanquished Creatures
  A leopard gecko skeleton (D:6)
1 creature vanquished.

Notes
Turn   | Place    | Note
-------+----------+-------------------------------------------
     0 | D:5      | tabyourdongers the Troll Delver began the quest for the
                  | Orb.
     0 | D:5      | Reached XP level 1. HP: 22/22 MP: 0/0
     1 | D:6      | Noticed an orc wizard
     3 | D:6      | Noticed an orc warrior
    21 | D:6      | Noticed an ice beast
    28 | D:6      | Slain by an ice beast

Illustrated notes

Levels and vault maps discovered:
D:5:      layout_basic, serial_shops, shop, uniq_prince_ribbit1
D:6:      layout_basic, basic_altar

Action                   || total
-------------------------++-------
Melee: Unarmed           ||     6
Armor: Robe              ||     3
Dodge: Dodged            ||     2

Table legend: (Time is in decaauts)
 A = Elapsed time spent in this place.
 B = Non-inter-level travel time spent in this place.
 C = Inter-level travel time spent in this place.
 D = Time resting spent in this place.
 E = Time spent auto-exploring this place.
 F = Levels seen in this place.
 G = Mean time per level.
                   A        B        C        D        E       F      G
               +--------+--------+--------+--------+--------+-----+--------+
         Total |     27 |     27 |      0 |      0 |      0 |   2 |   13.5 |
       Dungeon |     27 |     27 |      0 |      0 |      0 |   2 |   13.5 |
               +--------+--------+--------+--------+--------+-----+--------+

Top non-repeatable levels by time:
     D:6: 26 daAuts
     D:5: 1 daAuts
